 Dungeon Crawl Stone Soup version 0.19.5 (webtiles) character file.

37 neverEnough the Ducker (level 3, -1/15 HPs)
             Began as a Felid Transmuter on Apr 16, 2017.
             Killed by nerve-wracking pain
             ... invoked by Jessica
              (6 damage)
             ... on level 2 of the Dungeon.
             The game lasted 00:03:39 (1158 turns).

neverEnough the Ducker (Felid Transmuter)           Turns: 1158, Time: 00:03:40

Health: -1/15      AC:  1    Str:  6    XL:     3   Next: 23%
Magic:  1/7        EV: 19    Int: 15    God:
Gold:   67         SH:  0    Dex: 16    Spells: 2 memorised, 3 levels left
                                        Lives:  0   Deaths: 0

rFire  . . .     SeeInvis +       - Unarmed
rCold  . . .     Gourm    .     (armour unavailable)
rNeg   . . .     Faith    .     (shield unavailable)
rPois  .         Spirit   .     (helmet unavailable)
rElec  .         Reflect  .     (cloak unavailable)
rCorr  .         Harm     +     (gloves unavailable)
MR     .....                    (boots unavailable)
Stlth  +.........               f - amulet of harm
                                (no ring)
                                h - ring of loudness

@: very slightly contaminated, quick
A: no armour, no weapons or thrown items, stealth, claws 1, fangs 3, see
invisible, carnivore 3, speed 1, shaggy fur 1, slow metabolism 1, sharp paws
a: no special abilities


You were on level 2 of the Dungeon.
You were completely stuffed.

You visited 1 branch of the dungeon, and saw 2 of its levels.

You collected 67 gold pieces.

Inventory:

Missiles
 a - 10 arrows
Jewellery
 f - an amulet of harm (around neck)
 h - a ring of loudness (left paw)
Scrolls
 e - a scroll of remove curse
Potions
 d - a potion of curing
 g - a potion of degeneration {unknown}
 i - a potion of berserk rage {unknown}
 k - a potion of invisibility {unknown}
 l - a potion of haste {unknown}
 p - a potion of cure mutation {unknown}
Books
 b - a book of Changes

   Spells                             Type                      Level
   a - Beastly Appendage              Transmutation                1
   b - Sticks to Snakes               Transmutation                2
   c - Spider Form                    Transmutation/Poison         3
   d - Ice Form                       Ice/Transmutation            4
   e - Blade Hands                    Transmutation                5
Comestibles
 c - 2 meat rations
 n - 5 chunks of flesh
 o - a slice of pizza


   Skills:
 + Level 1.4 Fighting
 + Level 3.6 Dodging
 + Level 1.3 Stealth
 + Level 3.3 Unarmed Combat
 - Level 2.0 Spellcasting
 + Level 2.5 Transmutations


You had 3 spell levels left.
You knew the following spells:

 Your Spells              Type           Power        Failure   Level  Hunger
a - Beastly Appendage     Tmut           #.....       10%         1    #......
b - Sticks to Snakes      Tmut           #.......     12%         2    ###....


Dungeon Overview and Level Annotations

Branches:
Dungeon (2/15)

Altars:

Annotations:
D:2 Jessica, Sigmund


Innate Abilities, Weirdness & Mutations

You cannot wear armour.
You are incapable of wielding weapons or throwing items.
Your paws allow you to move quietly. (Stealth)
You have sharp claws.
You have razor-sharp teeth.
You have supernaturally acute eyesight. (SInv)
You are carnivorous and can eat meat at any time.
You cover ground quickly.
You are covered in fur. (AC +1)
You have a slow metabolism.
Your sharp claws are effective at attacking unaware monsters.


Message History

Nothing appears to happen.
The bat barely misses you.
As you read the scroll labeled NEANELOOREPN, it crumbles to dust.
It is a scroll of identify.
m - a scroll of fog The bat misses you.
Your ball python bites the bat but does no damage.
Your ball python closely misses the bat.
As you read the scroll of fog, it crumbles to dust.
The scroll dissolves into smoke.
The bat closely misses you. Sigmund gestures at you while chanting.
The magic dart hits your ball python.
Your ball python dies!
Your ball python bites the bat.
Your ball python grabs the bat.
Your ball python constricts the bat.
The bat dies!
Your ball python bites Jessica.
Your ball python closely misses Jessica.
Jessica points at you and mumbles some strange words.
Pain shoots through your body!
You die...

##....)...##
#...###..... ##......##
#........... ####.##
#........... #.##
###...###..... ....
#.....# ###.#.
#..###...# ##.#. #
#.....#.####....
####.######............
#....§@§####.#.###.....
#....§§§§@§............
#....§S@####.#..##.....
#.(.§.§§ #.##..#.@...
#..§.... #.##.....)..
#....... #....##.....
#....... #..####.....
#....... #..# #.....
####### #.## #...##


You could see Jessica and a friendly ball python.

Vanquished Creatures
  An ooze (D:1)
  A dart slug (D:1)
  A giant cockroach (D:1)
  3 goblins
  5 hobgoblins
  6 bats
  3 frilled lizards (D:1)
  5 kobolds
  5 rats (D:1)
30 creatures vanquished.

Vanquished Creatures (collateral kills)
  A bat (D:2)
1 creature vanquished.

Grand Total: 31 creatures vanquished

Notes
Turn   | Place    | Note
-------+----------+-------------------------------------------
     0 | D:1      | neverEnough the Felid Transmuter began the quest for the Orb.
     0 | D:1      | Reached XP level 1. HP: 9/9 MP: 4/4
   159 | D:1      | Reached XP level 2. HP: 5/12 MP: 6/6
   163 | D:1      | Learned a level 2 spell: Sticks to Snakes
   289 | D:1      | Reached skill level 1 in Stealth
   721 | D:1      | Reached XP level 3. HP: 15/15 MP: 7/7
   932 | D:2      | Noticed Sigmund
  1148 | D:2      | Noticed Jessica
  1158 | D:2      | Killed from afar by Jessica

Skill      XL: |  1  2 |
---------------+-------+-----
Dodging        | 3 |  3.6
Stealth        | 1 |  1.3
Fighting       | |  1.4
Unarmed Combat | |  3.3
Spellcasting   | |  2.0
Transmutations | |  2.5

Action                   || total
-------------------------++-------
Melee: Unarmed           ||    83
       Headbutt          ||     7
       Bite              ||     6
 Cast: Beastly Appendage ||     9
       Sticks to Snakes  ||     2
  Use: Scroll            ||     3
       Potion            ||     1
  Eat: Chunk             ||     8
Armor: Skin              ||    18
Dodge: Dodged            ||    96
